 Dungeon Crawl Stone Soup version 0.20-a0-792-g09bcfd3 (webtiles) character file.

91 Alarkh the Slasher (level 4, -2/36 HPs)
             Began as a Demonspawn Monk on Feb 28, 2017.
             Killed from afar by Sigmund (7 damage)
             ... with a puff of flame
             ... on level 2 of the Dungeon.
             The game lasted 00:02:57 (2779 turns).

Alarkh the Slasher (Demonspawn Monk)                Turns: 2779, Time: 00:02:58

Health: -2/36      AC:  5    Str: 11    XL:     4   Next: 33%
Magic:  4/4        EV: 11    Int: 13    God:
Gold:   143        SH:  7    Dex: 15    Spells: 3/3 levels left

rFire    . . .     SeeInvis .   a - +0 falchion
rCold    . . .     Gourm    .   b - +0 robe
rNeg     . . .     Faith    .   f - +0 shield
rPois    .         Spirit   .   (no helmet)
rElec    .         Reflect  .   (no cloak)
rCorr    .         Harm     .   (no gloves)
MR       .....                  r - +0 pair of boots
Stlth    +++.......             h - amulet of regeneration
Regen    0.6/turn               (no ring)
MPRegen  0.1/turn               (no ring)

@: very slightly contaminated, hasted, very quick
A: yellow scales 1, nightstalker 1
a: no special abilities


You were on level 2 of the Dungeon.
You were not hungry.

You visited 1 branch of the dungeon, and saw 2 of its levels.

You collected 143 gold pieces.

Inventory:

Hand Weapons
 a - a +0 falchion (weapon)
Armour
 b - a +0 robe (worn)
 f - a +0 shield (worn)
 r - a +0 pair of boots (worn)
Jewellery
 h - an amulet of regeneration (around neck)
Wands
 s - a wand of iceblast (5/15)
 t - a wand of acid (5/15)
Scrolls
 d - 3 scrolls of remove curse
 e - a scroll of teleportation
 i - a scroll of identify {unknown}
 j - a scroll of enchant armour {unknown}
 m - a scroll of random uselessness {unknown}
 o - a scroll of amnesia {unknown}
 p - a scroll of immolation {unknown}
Comestibles
 c - a bread ration
 g - 3 meat rations
 k - 3 fruits
 n - a royal jelly
 q - a chunk of flesh


   Skills:
 + Level 3.6 Fighting
 * Level 3.7 Long Blades
 + Level 3.2 Dodging
 - Level 1.7 Stealth
 + Level 0.6 Shields


You had 3 spell levels left.
You didn't know any spells.

Dungeon Overview and Level Annotations

Branches:
Dungeon (2/15)

Altars:

Annotations:
D:2 Sigmund


Innate Abilities, Weirdness & Mutations

You are partially covered in yellow scales. (AC +2)
You are slightly more attuned to the shadows.


Message History

Sigmund is moderately wounded.
Sigmund gestures at you while chanting. The puff of flame hits you!
You hit Sigmund.
Sigmund is heavily wounded.
Sigmund hits you with a scythe of freezing.
Sigmund freezes you.
You hit Sigmund but do no damage.
Sigmund is heavily wounded.
You hit Sigmund.
Sigmund is severely wounded.
Sigmund gestures at you while chanting. The magic dart hits you!
* * * LOW HITPOINT WARNING * * *
Unknown command.
You block Sigmund's attack.
There is a stone staircase leading down here.
Sigmund casts a spell at you. The puff of flame hits you!
You die...

..# #.##.# #####.#.... ..#
#.##.##############.......... ###
#...<........................
#(.....####...............###
#......#......#####.......#
#......#.............)....#
###......#.......#..........#
#........#.......#..........#
###(##.....#....@..#.....#.##.###
....##.....#..)....#.....#.......
############.......#########.....
....##### ##......#########.....
........# #.@...........##..().
.####...#####.............###'#..
..........................# #.#..
.#######...##........##...# #.#..
.# #...+.........##...# #.#.#


You could see Sigmund.

Vanquished Creatures
  Ijyb (D:2)
  An adder (D:2)
  A worm (D:2)
  5 giant cockroaches (D:2)
  9 goblins
  3 hobgoblins
  5 jackals
  7 kobolds
  2 quokkas (D:2)
  7 bats
  6 frilled lizards
  5 rats
52 creatures vanquished.

Notes
Turn   | Place    | Note
-------+----------+-------------------------------------------
     0 | D:1      | Alarkh the Demonspawn Monk began the quest for the Orb.
     0 | D:1      | Reached XP level 1. HP: 18/18 MP: 1/1
   143 | D:1      | Gained mutation: You are slightly more attuned to the shadows. [demonic ancestry]
   143 | D:1      | Reached XP level 2. HP: 7/24 MP: 2/2
  1274 | D:2      | Noticed Sigmund
  1517 | D:2      | Gained mutation: You are partially covered in yellow scales. (AC +2) [demonic ancestry]
  1517 | D:2      | Reached XP level 3. HP: 24/29 MP: 3/3
  2033 | D:2      | Noticed Ijyb
  2051 | D:2      | Killed Ijyb
  2051 | D:2      | Reached XP level 4. HP: 29/35 MP: 4/4
  2779 | D:2      | Killed from afar by Sigmund

Vault maps used:
D:1:      minmay_arrival_three_doors, minmay_pentomino_u4
D:2:      uniq_iyjb, uniq_sigmund

Skill      XL: |  1  2 |
---------------+-------+-----
Long Blades    | 3 |  3.7
Dodging        | 3 |  3.2
Fighting       | |  3.6
Stealth        | |  1.7
Shields        | |  0.6

Action                   |  1- 3 |  4- 6 || total
-------------------------+-------+-------++-------
Melee: Falchion          |   119 |    65 ||   184
  Use: Potion            |     1 |     1 ||     2
       Scroll            |     1 |     1 ||     2
 Stab: Sleeping          |     8 |     5 ||    13
  Eat: Chunk             |     4 |     2 ||     6
Armor: Robe              |    27 |    13 ||    40
Dodge: Dodged            |    65 |    28 ||    93
Block: Shield            |     7 |    22 ||    29
       Rpst.: Falchion   |    22 |    12 ||    34
